 Dungeon Crawl Stone Soup version 0.24-a0-525-g9231cdcba1 (webtiles) character file.

Game seed: 17583901067972368195

86 Gynju the Shield-Bearer (level 4, -1/37 HPs)
             Began as a Formicid Fighter on Aug 2, 2019.
             Was an Initiate of Cheibriados.
             Killed from afar by Sigmund (10 damage)
             ... with a puff of flame
             ... on level 2 of the Dungeon.
             The game lasted 00:02:14 (1543 turns).

Gynju the Shield-Bearer (Formicid Fighter)          Turns: 1543, Time: 00:02:15

Health: -1/37      AC:  7    Str: 23    XL:     4   Next: 77%
Magic:  4/4        EV:  8    Int:  8    God:    Cheibriados [......]
Gold:   103        SH: 10    Dex: 11    Spells: 3/3 levels left

rFire    . . .     SeeInvis +   a - +0 war axe
rCold    . . .     Gourm    .   c - +0 shield
rNeg     . . .     Faith    .   b - +0 scale mail
rPois    .         Spirit   .   (helmet unavailable)
rElec    .         Reflect  .   (no cloak)
rCorr    .         Harm     .   (no gloves)
MR       .....                  (no boots)
Stlth    ..........             (no amulet)
HPRegen  0.12/turn              (no ring)
MPRegen  0.09/turn              (no ring)

@: slow
A: permanent stasis, dig shafts and tunnels, four strong arms, antennae 3
a: Dig, Shaft Self, Bend Time, Renounce Religion


You were on level 2 of the Dungeon.
You worshipped Cheibriados.
Cheibriados was noncommittal.
You were not hungry.

You visited 1 branch of the dungeon, and saw 2 of its levels.

You collected 103 gold pieces.

Inventory:

Hand Weapons
 a - a +0 war axe (weapon)
Missiles
 i - 4 stones (quivered)
Armour
 b - a +0 scale mail (worn)
 c - a +0 shield (worn)
Jewellery
 m - a cursed ring of attention {unknown}
Scrolls
 e - a scroll of remove curse {unknown}
 k - a scroll of blinking {unknown}
 o - 3 scrolls of amnesia {unknown}
 p - 3 scrolls of identify {unknown}
 q - 2 scrolls of fear {unknown}
 r - a scroll of immolation {unknown}
Potions
 d - a potion of might
 g - a potion of heal wounds {unknown}
 h - a potion of mutation {unknown}
 j - a potion of lignification {unknown}
 l - a potion of resistance {unknown}
Comestibles
 f - 6 rations
 n - a chunk of flesh


   Skills:
 + Level 3.8 Fighting
 * Level 3.2 Axes
 + Level 3.9 Armour
 + Level 4.2 Shields
 * Level 0.0 Invocations


You had 3 spell levels left.
You didn't know any spells.
Your spell library was empty.

Dungeon Overview and Level Annotations

Branches:
Dungeon (2/15)

Altars:
Cheibriados
Dithmenos
Vehumet
Yredelemnul

Annotations:
D:2 Sigmund


Innate Abilities, Weirdness & Mutations

You cannot be hasted, slowed, berserked, paralysed or teleported.
You can dig through walls and to a lower floor.
Your four strong arms can wield two-handed weapons with a shield.
You have a pair of large antennae on your head. (SInv)


Message History

Sigmund hits you but does no damage.
You barely miss Sigmund.
Sigmund is almost dead.
You block Sigmund's attack.
You barely miss Sigmund.
Sigmund is almost dead.
Sigmund hits you with a +2 scythe of protection.
* * * LOW HITPOINT WARNING * * *
You hit Sigmund but do no damage.
Sigmund is almost dead.
Sigmund hits you but does no damage.
You closely miss Sigmund.
Sigmund is almost dead.
Sigmund's eyes start glowing with a red light.
Sigmund closely misses you.
You closely miss Sigmund.
Sigmund is almost dead.
Sigmund casts a spell at you. The puff of flame hits you!
You die...

#.# #.......#.#
######'### ####....#.#
#........# #.##.#.#
#........# #.##.#.#
#........### #.##.#.#
#..........# #.##.#.#
#..........# #.#....#
#######'#..#####.######
#@#........#
#@#.######## #s#.#
#.#.# #.#.# #.#.# #.#.
..#


You could see Sigmund and a giant cockroach.

Vanquished Creatures
  An iguana (D:2)
  2 adders (D:2)
  An ooze (D:1)
  A leopard gecko (D:1)
  7 bats
  6 goblins (D:1)
  7 hobgoblins (D:1)
  3 kobolds (D:1)
  6 frilled lizards
  A rat (D:2)
35 creatures vanquished.

Notes
Turn   | Place    | Note
-------+----------+-------------------------------------------
     0 | D:1      | Gynju the Formicid Fighter began the quest for the Orb.
     0 | D:1      | Reached XP level 1. HP: 18/18 MP: 1/1
   101 | D:1      | Reached XP level 2. HP: 23/24 MP: 2/2
   153 | D:1      | Reached XP level 3. HP: 18/29 MP: 3/3
   404 | D:1      | Reached skill level 4 in Shields
  1030 | D:2      | Reached XP level 4. HP: 37/37 MP: 4/4
  1324 | D:2      | Found a shadowy altar of Dithmenos.
  1436 | D:2      | Found a basalt altar of Yredelemnul.
  1439 | D:2      | Found a snail-covered altar of Cheibriados.
  1443 | D:2      | Became a worshipper of Cheibriados the Contemplative
  1447 | D:2      | Found a radiant altar of Vehumet.
  1524 | D:2      | Noticed Sigmund
  1543 | D:2      | Killed from afar by Sigmund

Levels and vault maps discovered:
D:1:      nzn_arrival_settlement, layout_basic
D:2:      layout_basic, grunt_temple_overflow_diamond, first_ration,
          grunt_dithmenos_smoke_and_mirrors, uniq_sigmund

Skill      XL: |  1  2  3  4 |
---------------+-------------+-----
Shields        | 4 |  4.2
Axes           | 3 |  3.2
Fighting       | |  3.8
Armour         | |  3.9

Action                   |  1- 3 |  4- 6 || total
-------------------------+-------+-------++-------
Melee: War axe           |    78 |    37 ||   115
  Eat: Chunk             |     1 |     1 ||     2
Armor: Scale mail        |    34 |    15 ||    49
Dodge: Dodged            |    31 |    10 ||    41
Block: Shield            |    62 |    14 ||    76

Table legend:
 A = Non-vault XP
 B = Vault XP
 C = Vault XP percentage of total XP
 D = Non-vault monster count
 E = Vault monster count
 F = Vault count percentage of total count
                 A         B        C        D         E       F
            +---------+---------+-------+---------+---------+-------
      Total |     123 |       0 |   0.0 |      35 |       0 |   0.0
            +---------+---------+-------+---------+---------+-------
        D:1 |      48 |       0 |   0.0 |      24 |       0 |   0.0
        D:2 |      75 |       0 |   0.0 |      11 |       0 |   0.0
            +---------+---------+-------+---------+---------+-------
